 Dungeon Crawl Stone Soup version 0.28.0-1-gb440e238dd (webtiles) character file.

Game seed: 15591590003377369891

118 issech the Cudgeller (level 4, -8/45 HPs)
             Began as a Troll Monk on Feb 19, 2022.
             Killed from afar by Pikel (11 damage)
             ... with an iceblast
             ... on level 3 of the Dungeon.
             The game lasted 00:11:27 (2325 turns).

issech the Cudgeller (Troll Monk)                   Turns: 2325, Time: 00:11:28

Health: -8/45      AC:  4    Str: 19    XL:     4   Next: 72%
Magic:  3/3        EV: 10    Int:  6    God:
Gold:   212        SH:  0    Dex: 14    Spells: 3/3 levels left

rFire   . . .      SeeInvis .   s - +4 rapier of the Spectre {vamp, +Blink Fly rPois Will-}
rCold   . . .      Faith    .   (no shield)
rNeg    . . .      Spirit   .   b - +0 robe
rPois   +          Reflect  .   (helmet restricted)
rElec   .          Harm     .   (no cloak)
rCorr   .          Rampage  .   (gloves unavailable)
Will    .....                   (boots unavailable)
Stlth   ++........              (no amulet)
HPRegen 0.95/turn               (no ring)
MPRegen 0.08/turn               (no ring)

@: flying
A: large, unfitting armour, claws 3, regeneration 1, shaggy fur 1, tough skin 1
a: Evoke Blink


You were on level 3 of the Dungeon.
You visited 1 branch of the dungeon, and saw 4 of its levels.

You collected 232 gold pieces.
You spent 20 gold pieces at shops.

Inventory:

Hand Weapons
 a - a +0 mace
 m - a +0 dagger of venom
 s - the +4 rapier of the Spectre (weapon) {vamp, +Blink Fly rPois Will-}
   (You found it on level 4 of the Dungeon)

   It occasionally heals its wielder for a portion of the damage dealt when it
   wounds a living foe.
   rPois:     It protects you from poison.
   Fly:       It grants you flight.
   +Blink:    It lets you blink.
   Will:      It decreases your willpower.
Missiles
 c - 99 stones (quivered)
 o - 5 poisoned darts
 p - 19 arrows
 q - 22 bolts
Armour
 b - a +0 robe (worn)
Jewellery
 h - a ring of magical power
 j - a ring of protection from cold
Scrolls
 e - a scroll of teleportation
 g - 2 scrolls of blinking
 l - a scroll of amnesia
 n - a scroll of holy word
 r - a scroll of noise {unknown}
Potions
 d - 4 potions of curing {unknown}
 f - a potion of haste {unknown}
 i - a potion of cancellation {unknown}
 k - a potion of lignification {unknown}


   Skills:
 + Level 3.1 Fighting
 + Level 3.7 Maces & Flails
 + Level 3.1 Dodging
 + Level 1.3 Stealth


You had 3 spell levels left.
You didn't know any spells.
Your spell library contained the following spells:

 Spells                   Type           Power      Damage    Failure   Level
 Corpse Rot               Necr/Air       0%         N/A       58%         2
 Dispel Undead            Necr           0%         3d6       99%         4
 Death Channel            Necr           0%         N/A       100%        6


Dungeon Overview and Level Annotations

Branches:
Dungeon (4/15)
 Temple: D:4-7

Altars:
Kikubaaqudgha
Yredelemnul

Shops:
D:1 =[*?[

Annotations:
D:3 Pikel


Innate Abilities, Weirdness & Mutations

You are too large for most types of armour.
You have claws for hands.
Your natural rate of healing is unusually fast.
You are covered in fur. (AC +1)
You have tough skin. (AC +1)


Message History

You hit the lemure.
The lemure is almost dead.
The lemure hits you. The lemure barely misses you.
You hit the lemure but do no damage.
The lemure is almost dead.
The lemure hits you.
You hit the lemure.
You kill the lemure!
That felt strangely unrewarding.
You start resting.
HP restored.
You now have 212 gold pieces (gained 11).
There is a stone staircase leading down here.
d - 4 bubbling sapphire potions (gained 2)
You pick up a book of Decay and begin reading...
You add the spells Corpse Rot, Dispel Undead and Death Channel to your library.
Found a dazzling rapier.
Found an ancient bone altar of Kikubaaqudgha.
You hit the withered plant.
The withered plant begins to crumble.
The withered plant is lightly damaged.
The withered plant crumbles away.
You see here the +4 rapier of the Spectre {vamp, +Blink Fly rPois Will-}.
s - the +4 rapier of the Spectre {vamp, +Blink Fly rPois Will-} You fly up into the air.
You feel a sense of dread.
s - the +4 rapier of the Spectre (weapon)
{vamp, +Blink Fly rPois Will-}
There is a stone staircase leading up, spattered with blood here.
You fly upwards.
Level annotation: Pikel
There is a stone staircase leading down, spattered with blood here.
Pikel shouts!
The lemure shouts!
Pikel zaps a wand.
The mass of ice explodes!
The iceblast engulfs you!
Pikel zaps a wand.
The mass of ice explodes!
The iceblast engulfs you!!
* * * LOW HITPOINT WARNING * * *
Pikel zaps a wand.
The mass of ice explodes!
The iceblast engulfs you!
* * * LOW HITPOINT WARNING * * *
There is a stone staircase leading up here.
Pikel says, "You'll make a fine lemure."
Pikel zaps a wand.
The mass of ice explodes!
The iceblast engulfs you!
You die...

#.# #)# ######### ####.#
#.......# #....#####
#.#####.#
#.##.....#####.#####.#
#####.#....#.#...#.##....#
#.....#....#.#.#.#.##.####
###.##.......#.#.#.#.##.#
..........K.....@...>##.#
#.#........5.#.#####.##.#
#.####...#####.......##.#
.........##############.#
#........##....#...<###.#
###########.#...........#
#......# #.#..#.########
)..###.####.#..#....#.#
#..# #.##.............#


You could see Pikel and a lemure.

Vanquished Creatures
  3 lemures
  An iguana (D:2)
  4 adders
  A worm (D:3)
  A dart slug (D:2)
  4 ball pythons
  7 bats
  3 endoplasms
  A giant cockroach (D:3)
  4 goblins
  5 hobgoblins
  7 jackals
  2 quokkas
  2 frilled lizards
  3 kobolds
  4 rats
52 creatures vanquished.

Vanquished Creatures (others)
  A withered plant (D:4)
1 creature vanquished.

Grand Total: 53 creatures vanquished

Notes
Turn   | Place    | Note
-------+----------+-------------------------------------------
     0 | D:1      | issech the Troll Monk began the quest for the Orb.
     0 | D:1      | Reached XP level 1. HP: 22/22 MP: 0/0
   102 | D:1      | Found Gujeffes's Jewellery Emporium.
   128 | D:1      | Found Umoa's General Store.
   141 | D:1      | Reached XP level 2. HP: 29/29 MP: 1/1
   141 | D:1      | Bought a scroll of identify for 20 gold pieces
   183 | D:1      | Found Jeucyhey's Armour Emporium.
   204 | D:1      | Found Fuirude's Magic Scroll Boutique.
   471 | D:1      | Found Ruodghig's Armour Shoppe.
   674 | D:2      | Reached XP level 3. HP: 33/36 MP: 2/2
   685 | D:2      | Found a basalt altar of Yredelemnul.
   826 | D:2      | Reached XP level 4. HP: 19/45 MP: 3/3
   995 | D:2      | Found a faded altar of an unknown god.
  1255 | D:3      | Noticed an ogre
  1965 | D:4      | Noticed a lemure
  1965 | D:4      | Noticed a lemure
  1967 | D:4      | Noticed Pikel
  1996 | D:3      | Killed a lemure
  2002 | D:4      | Noticed a lemure
  2003 | D:4      | Noticed a lemure
  2182 | D:3      | Killed a lemure
  2226 | D:4      | Killed a lemure
  2276 | D:4      | Found an ancient bone altar of Kikubaaqudgha.
  2284 | D:4      | Identified the +4 rapier of the Spectre {vamp, +Blink Fly
                  | rPois Will-}
  2324 | D:3      | HP: 2/45 [Pikel/iceblast (11)]
  2325 | D:3      | Killed from afar by Pikel

Illustrated notes

Levels and vault maps discovered:
D:1:      lemuel_arrival_behind_the_door_large, layout_rooms, serial_shops,
          nicolae_shop_trees, nicolae_shop_stone, nicolae_shop_waterfront,
          nicolae_shop_stone, nicolae_shop_advertising_works
          [nicolae_subvault_shop_adworks]
D:2:      layout_basic, shapermc_ecumenical_altar_pompeii, basic_altar,
          minmay_misc_feat_cross, chequers_serial_rivers_micro_a
D:3:      layout_basic
D:4:      cheibrodos_barr_body, layout_loops_cross, kiku_gazebo_garden_becter,
          okawaru_ov_weapons_minmay, uniq_pikel

Skill      XL: |  1  2  3 |
---------------+----------+-----
Maces & Flails | 3 |  3.7
Fighting       | 3 |  3.1
Dodging        | 3 |  3.1
Stealth        | |  1.3

Action                   |  1- 3 |  4- 6 || total
-------------------------+-------+-------++-------
Melee: Mace              |    96 |   126 ||   222
       Punch             |     1 |     1 ||     2
  Use: Scroll            |     1 |     3 ||     4
 Stab: Sleeping          |     2 |     2 ||     4
Armor: Robe              |    73 |    36 ||   109
Dodge: Dodged            |   104 |    65 ||   169
